 Dungeon Crawl Stone Soup version 0.31.0-11-ge490571c62 (webtiles) character file.

Game seed: 781905099515764864

193 mopl the Ruffian (level 5, 0/51 HPs)
             Began as an Octopode Shapeshifter on Feb 8, 2024.
             Succumbed to an adder's poison
             ... on level 3 of the Dungeon.
             The game lasted 00:01:46 (1870 turns).

mopl the Ruffian (Octopode Shapeshifter)            Turns: 1870, Time: 00:01:47

Health: 0/51       AC: 22    Str: 14    XL:     5   Next: 72%
Magic:  5/5        EV:  2    Int: 12    God:
Gold:   185        SH:  0    Dex: 13    Spells: 4/4 levels left

rFire   . .          .
                       - Unarmed
rCold   . . .        (no shield)
rNeg    . . .        (helmet currently unavailable)
rPois   +            o - amulet of magic regeneration
rElec   .            (no ring)
rCorr   .            (no ring)
SInv    .            (no ring)
Will    .....        (no ring)
Stlth   +            (no ring)
HPRegen 0.28/turn    (no ring)
MPRegen 0.49/turn    (no ring)
                     (no ring)

%: no passive effects
@: lethally poisoned (0 -> -6), tree-form, attractive
A: stationary, stasis, torment immunity, boosted hp, almost no armour,
(amphibious), 8 rings, (camouflage 1), (gelatinous body 1), (nimble swimmer 1),
(tentacles)
a: no special abilities


You were on level 3 of the Dungeon.
You were a tree.
You visited 1 branch of the dungeon, and saw 3 of its levels.

You collected 185 gold pieces.

Inventory:

Missiles
 h - 2 javelins (quivered)
 k - 2 throwing nets
Jewellery
 o - an amulet of magic regeneration (around neck)
Talismans
 b - a beast talisman
 c - a flux talisman
Wands
 p - a wand of flame (26)
Scrolls
 d - a scroll of enchant weapon {unknown}
 e - a scroll of blinking {unknown}
 g - a scroll of vulnerability {unknown}
 i - a scroll of brand weapon {unknown}
 j - a scroll of teleportation {unknown}
 l - a scroll of revelation {unknown}
 m - a scroll of silence {unknown}
 n - a scroll of poison {unknown}
Potions
 f - a potion of attraction
 q - a potion of invisibility {unknown}


   Skills:
 + Level 2.2 Fighting
 + Level 2.9 Dodging
 * Level 4.3 Unarmed Combat
 * Level 4.1 Shapeshifting


You had 4 spell levels left.
You didn't know any spells.
Your spell library contained the following spells:

 Spells                   Type           Power      Damage    Failure   Level
 Slow                     Hex            0%         N/A       32%         1
 Confusing Touch          Hex            0%         N/A       69%         3
 Dazzling Flash           Conj/Hex       0%         N/A       69%         3
 Mephitic Cloud           Conj/Alch/Air  0%         N/A       69%         3
 Sigil of Binding         Hex            0%         N/A       69%         3
 Vampiric Draining        Necr           0%         2d6       69%         3
 Curse of Agony           Necr           0%         N/A       100%        5
 Silence                  Hex/Air        0%         N/A       100%        5


Dungeon Overview and Level Annotations

Branches:
Dungeon (3/15)

Altars:


Innate Abilities, Weirdness & Mutations

You are a tree.
Your roots penetrate the ground, keeping you stationary.
You cannot be teleported.
You are immune to unholy pain and torment.
Your maximum health is greatly increased.
You cannot wear most types of armour.
((You are amphibious.))
You can wear up to eight rings at the same time.
((Your skin changes colour to match your surroundings (Stealth+).))
((Your rubbery body absorbs attacks. (AC +1, EV +1)))
((You are camouflaged when in or above water. (Stealth+)))
((You have tentacles for arms and can constrict up to eight enemies at once.))


Message History

You hear an angry hiss.
An adder comes into view.
An orc comes into view. It is wielding a +0 club.
An orc comes into view. It is wielding a +0 flail.
The orc shouts!
You feel sick. The orc wizard casts a spell at you.
You are confused.
You feel sick.
You are no longer poisoned.
You're too confused to move!
You're too confused to move!
The orc hits you with a +0 dagger.
You feel less confused. The orc hits you with a +0 dagger.
The orc attacks as it pursues you! The orc hits you with a +0 dagger.
You see here a scroll labelled ZUXTYCAFET.
The orc attacks as it pursues you! The orc hits you with a +0 dagger.
The orc wizard casts a spell at you.
You are confused.
You bump into the rock wall.
The orc hits you with a +0 dagger.
* * * LOW HITPOINT WARNING * * *
You bump into the rock wall.
The orc closely misses you.
You bump into the rock wall.
The adder barely misses you.
You bump into the rock wall.
The adder bites you.
* * * LOW HITPOINT WARNING * * *
You are poisoned.
The adder poisons you!
You feel sick. The adder attacks as it pursues you! The adder misses you.
The adder bites you.
* * * LOW HITPOINT WARNING * * *
You are more poisoned.
The adder poisons you!
It was a potion of attraction.
You feel attractive to monsters.
* * * LOW HITPOINT WARNING * * *
You feel sick. The adder closely misses you.
Your transformation has ended.
You turn into a tree.
Your roots penetrate the ground.
You feel less confused.
You die...

#...).........^..
.
#.......!........
..
#................
...
#.........o......
?...
#...?######......
.....#..o.# .....
......ooo.# .o..
.######S### ..S
#♣# o. #.# # #.##
#..### ## ##...#
....###.##
.........### .#
#..........# #.
##.......#.## ..


You could see an orc wizard, an adder and 3 orcs.

Vanquished Creatures
  Natasha (thrice) (D:2)
  4 gnolls (D:2)
  3 adders
  2 bats (D:2)
  9 endoplasms
  2 giant cockroaches (D:1)
  6 goblins (D:2)
  10 hobgoblins
  2 jackals (D:1)
  5 ball pythons (D:2)
  2 frilled lizards
  4 kobolds
  2 rats
54 creatures vanquished.

Notes
Turn   | Place    | Note
-------+----------+-------------------------------------------
     0 | D:1      | mopl the Octopode Shapeshifter began the quest for the Orb.
     0 | D:1      | Reached XP level 1. HP: 13/13 MP: 1/1
    79 | D:1      | Reached XP level 2. HP: 17/18 MP: 2/2
   608 | D:2      | Reached XP level 3. HP: 20/23 MP: 3/3
   675 | D:2      | Reached XP level 4. HP: 13/28 MP: 4/4
   881 | D:2      | Noticed Natasha
   894 | D:2      | Killed Natasha
   895 | D:2      | Reached XP level 5. HP: 11/34 MP: 5/5
  1278 | D:2      | Noticed Natasha
  1283 | D:2      | Killed Natasha
  1346 | D:2      | Noticed Natasha
  1350 | D:2      | Killed Natasha
  1869 | D:3      | HP: 1/34 [poisoned by an adder]
  1870 | D:3      | Succumbed to an adder's poison

Illustrated notes

Levels and vault maps discovered:
D:1:      minmay_arrival_nine_rooms, layout_basic
D:2:      cheibrodos_greedy_goblins, layout_basic, minmay_diced_spiral,
          uniq_natasha
D:3:      layout_basic, general_overflow_altar, vehumet_crystals

Skill      XL: |  1  2  3  4  5 |
---------------+----------------+-----
Fighting       | 2 |  2.2
Unarmed Combat | 4 |  4.3
Shapeshifting  | 4 |  4.1
Dodging        | |  2.9

Action                     |  1- 3 |  4- 6 || total
---------------------------+-------+-------++-------
  Melee: Unarmed           |    53 |    51 ||   104
         Tentacles         |     9 |    12 ||    21
         Constrict         |    13 |    14 ||    27
         Punch             |       |     1 ||     1
    Use: Potion            |       |     2 ||     2
   Stab: Sleeping          |     1 |     4 ||     5
 Armour: Skin              |    16 |    30 ||    46
  Dodge: Dodged            |    27 |    28 ||    55
